Map: Ephemeron LE

Players

Ratl

  • Race: Protoss Protoss
  • League: Silver
  • Spawn Location: 5:00

A.I. 1 (Very Easy)

  • Race: Protoss Protoss
  • Spawn Location: 11:00

VOD

Have the link to the VOD?

Description

Time

  • Played on: Jan. 12, 2020, 7:26 p.m.
  • Length: 13:44
Show
View Real Time Build Order
Export as new Build Order

Ratl Protoss 

Build Orders:  

Get SALT Encoding   

  12  0:02  Probe x12  
    0:14  Unknown  
    0:16  Probe  
  13  0:28  Probe  
  14  0:33  Pylon  
  14  0:40  Probe  
  15  0:52  Probe  
  15  0:56  Gateway  
  16  1:04  Probe  
  16  1:09  Assimilator  
  17  1:16  Probe  
  18  1:22  Assimilator  
  18  1:28  Probe  
  19  1:34  Gateway  
  19  1:40  Probe  
  20  1:51  Cybernetics Core  
  20  1:53  Probe  
  21  1:59  Pylon  
  21  2:05  Probe  
  22  2:17  Probe  
  23  2:26  Warp Gate (Chrono Boost)  
  23  2:27  Stalker x2  
  23  2:29  Probe  
  28  2:41  Probe  
  29  2:48  Pylon  
  29  2:53  Probe  
  30  3:09  Stalker x2  
  34  3:14  Probe  
  35  3:26  Probe  
  36  3:30  Nexus  
  36  3:38  Probe  
  36  3:40  Robotics Facility  
  37  3:58  Probe  
  38  4:04  Gateway  
  38  4:10  Probe  
  39  4:42  Probe, Observer  
  41  4:50  Robotics Bay  
  41  4:53  Probe  
  41  4:54  Probe  
  41  4:57  Stalker x2  
  47  5:05  Probe  
  48  5:08  Pylon  
  44  5:28  Probe x2  
  46  5:36  Immortal  
  46  5:40  Probe x2  
  52  5:43  Assimilator  
  52  5:45  Assimilator  
  52  5:51  Extended Thermal Lance  
  52  6:06  Gateway  
  52  6:07  Gateway  
  50  6:12  Colossus (Chrono Boost)  
  56  6:19  Probe (Chrono Boost)  
  56  6:24  Probe (Chrono Boost)  
  58  6:29  Probe (Chrono Boost)  
  58  6:32  Nexus  
  60  6:33  Probe (Chrono Boost)  
  60  6:35  Pylon  
  60  6:36  Pylon  
  60  7:02  Stalker x3  
  66  7:11  Colossus  
  72  7:22  Probe x2  
  74  7:34  Probe x2  
  74  7:37  Stalker  
  78  7:49  Forge  
  78  7:50  Forge, Assimilator  
  78  7:57  Stalker  
  80  8:00  Pylon  
  80  8:03  Probe x3  
  80  8:04  Assimilator  
  83  8:10  Protoss Ground Armor Level 1 (Chrono Boost)  
  83  8:14  Protoss Ground Weapons Level 1 (Chrono Boost)  
  83  8:15  Probe x3  
  86  8:27  Probe x2  
  86  8:28  Colossus (Chrono Boost)  
  94  8:41  Twilight Council  
  94  8:46  Stalker x2  
  98  9:06  Probe x2  
  98  9:07  Probe  
  101  9:21  Protoss Shields Level 3 (Chrono Boost), Protoss Ground Weapons Level 3 (Chrono Boost), Protoss Ground Armor Level 3 (Chrono Boost)  
  101  9:23  Pylon  
  101  9:32  Blink  
  101  9:33  Pylon  
  101  9:34  Terran Vehicle Weapons Level 3, Zerg Flyer Armor Level 3, Terran Infantry Armor Level 3, Zerg Flyer Weapons Level 3, Protoss Air Weapons Level 3, Zerg Melee Weapons Level 3, Zerg Missile Weapons Level 3, Zerg Ground Armor Level 3, Terran Ship Armor Level 3, Terran Vehicle Armor Level 3, Terran Infantry Weapons Level 3, Terran Ship Weapons Level 3, Protoss Air Armor Level 3  
  101  9:41  Probe  
  101  9:42  Pylon  
  101  9:43  Pylon  
  101  9:44  Protoss Ground Weapons Level 2 (Chrono Boost), Protoss Shields Level 2 (Chrono Boost), Protoss Ground Armor Level 2 (Chrono Boost)  
  102  9:55  Terran Ship Weapons Level 2, Zerg Missile Weapons Level 2, Terran Vehicle Armor Level 2, Terran Infantry Armor Level 2, Protoss Air Armor Level 2, Terran Vehicle Weapons Level 2, Terran Infantry Weapons Level 2, Zerg Ground Armor Level 2, Zerg Flyer Weapons Level 2, Terran Ship Armor Level 2, Protoss Air Weapons Level 2, Zerg Melee Weapons Level 2, Zerg Flyer Armor Level 2  
  102  10:00  Warp Prism  
  102  10:04  Protoss Ground Weapons Level 1 (Chrono Boost), Protoss Ground Armor Level 1 (Chrono Boost), Protoss Shields Level 1 (Chrono Boost)  
  104  10:10  Blink  
  104  10:17  Protoss Air Weapons Level 1, Protoss Air Armor Level 1, Zerg Flyer Armor Level 1, Terran Ship Weapons Level 1, Terran Vehicle Armor Level 1, Zerg Missile Weapons Level 1, Terran Vehicle Weapons Level 1, Zerg Ground Armor Level 1, Terran Infantry Weapons Level 1, Zerg Melee Weapons Level 1, Zerg Flyer Weapons Level 1, Terran Ship Armor Level 1, Terran Infantry Armor Level 1  
  104  10:21  Stalker x2  
  108  10:31  Charge, Stimpack, Resonating Glaives, Weapon Refit, Warp Gate, Neosteel Armor, Extended Thermal Lance  
  108  10:34  Nexus, Dark Shrine  
  108  10:38  Ventral Sacs, Adrenal Glands  
  108  10:44  Enduring Locusts  
  108  10:45  Personal Cloaking  
  108  10:50  Stalker x2  
  108  10:51  Stalker x3  
  108  10:52  Cloaking Field, Glial Reconstitution, Centrifical Hooks, Metabolic Boost, Infernal Pre-Igniter, Neural Parasite, Tunneling Claws, Combat Shield, Chitinous Plating, Corvid Reactor, Durable Materials, Neosteel Frame, Psionic Storm  
  118  11:00  Burrow, Muscular Augments x2  
  118  11:14  Graviton Catapult, Hi-Sec Auto Tracking, Gravitic Drive, Pathogen Glands, Behemoth Reactor, Gravitic Boosters, Moebius Reactor, Caduceus Reactor  
  118  11:28  Concussive Shells, Pneumatized Carapace  
  118  11:41  Stalker  
  118  11:42  Stalker x4  
  128  12:11  Unknown x5  
Show
View Real Time Build Order
Export as new Build Order

A.I. 1 (Very Easy) Protoss 

Build Orders:  

Get SALT Encoding   

  12  0:02  Probe x12  
    0:14  Unknown  
    0:17  Probe  
  13  0:29  Probe  
  13  0:35  Pylon  
  14  0:41  Probe  
  15  0:49  Probe  
  16  0:57  Probe  
  17  1:07  Probe  
  18  1:19  Nexus  
  18  1:30  Gateway  
  18  1:33  Assimilator  
  18  1:43  Pylon  
  18  2:02  Assimilator  
  18  2:12  Probe  
  19  2:20  Probe  
  19  2:23  Cybernetics Core  
  20  2:56  Warp Gate  
  20  3:00  Stalker  
  22  3:21  Stalker  
  24  3:38  Probe  
  24  3:45  Probe  
  23  3:53  Probe  
  24  4:00  Zealot  
  26  4:22  Stalker  
  27  5:07  Probe  
  27  5:13  Stalker  
  26  5:29  Probe  
  26  5:30  Pylon  
  26  5:34  Robotics Facility  
  27  5:36  Probe  
  27  5:42  Zealot  
  30  5:43  Probe  
  31  5:51  Probe  
  32  5:58  Probe  
  33  6:10  Stalker  
  29  6:20  Observer  
  30  6:34  Observer  
  30  6:39  Stalker  
  33  7:14  Nexus  
  33  7:35  Zealot  
  35  8:22  Probe  
  36  8:33  Probe  
  37  8:34  Assimilator  
  37  8:37  Probe  
  37  8:38  Assimilator  
  38  8:46  Probe  
  39  8:53  Probe  
  40  8:58  Probe  
  41  9:06  Probe  
  41  9:12  Protoss Shields Level 3, Protoss Ground Weapons Level 3, Protoss Ground Armor Level 3  
  42  9:17  Probe  
  42  9:22  Probe  
  44  9:31  Probe  
  44  9:34  Terran Vehicle Weapons Level 3, Zerg Flyer Armor Level 3, Terran Infantry Armor Level 3, Zerg Flyer Weapons Level 3, Protoss Air Weapons Level 3, Zerg Melee Weapons Level 3, Zerg Missile Weapons Level 3, Zerg Ground Armor Level 3, Terran Ship Armor Level 3, Terran Vehicle Armor Level 3, Terran Infantry Weapons Level 3, Terran Ship Weapons Level 3, Protoss Air Armor Level 3  
  44  9:35  Probe  
  44  9:37  Protoss Ground Weapons Level 2, Protoss Shields Level 2, Protoss Ground Armor Level 2  
  45  9:42  Probe  
  46  9:52  Probe  
  47  9:55  Terran Ship Weapons Level 2, Zerg Missile Weapons Level 2, Terran Vehicle Armor Level 2, Terran Infantry Armor Level 2, Protoss Air Armor Level 2, Terran Vehicle Weapons Level 2, Terran Infantry Weapons Level 2, Zerg Ground Armor Level 2, Zerg Flyer Weapons Level 2, Terran Ship Armor Level 2, Protoss Air Weapons Level 2, Zerg Melee Weapons Level 2, Zerg Flyer Armor Level 2  
  47  9:57  Probe  
  48  10:02  Protoss Ground Weapons Level 1, Protoss Ground Armor Level 1, Protoss Shields Level 1  
  48  10:03  Probe  
  49  10:10  Blink  
  49  10:12  Stalker  
  51  10:15  Probe  
  51  10:17  Protoss Air Weapons Level 1, Protoss Air Armor Level 1, Zerg Flyer Armor Level 1, Terran Ship Weapons Level 1, Terran Vehicle Armor Level 1, Zerg Missile Weapons Level 1, Terran Vehicle Weapons Level 1, Zerg Ground Armor Level 1, Terran Infantry Weapons Level 1, Zerg Melee Weapons Level 1, Zerg Flyer Weapons Level 1, Terran Ship Armor Level 1, Terran Infantry Armor Level 1  
  44  10:31  Charge, Stimpack, Resonating Glaives, Weapon Refit, Warp Gate, Neosteel Armor, Extended Thermal Lance  
  44  10:35  Pylon  
  42  10:36  Probe  
  42  10:38  Ventral Sacs, Adrenal Glands  
  42  10:41  Zealot  
  31  10:43  Probe  
  31  10:44  Enduring Locusts  
  31  10:45  Personal Cloaking  
  31  10:49  Probe  
  23  10:52  Cloaking Field, Glial Reconstitution, Centrifical Hooks, Metabolic Boost, Infernal Pre-Igniter, Neural Parasite, Tunneling Claws, Combat Shield, Chitinous Plating, Corvid Reactor, Durable Materials, Neosteel Frame, Psionic Storm  
  21  10:58  Probe  
  21  11:00  Burrow, Muscular Augments x2  
  21  11:01  Probe  
  16  11:08  Stalker  
  16  11:10  Probe  
  6  11:14  Graviton Catapult, Hi-Sec Auto Tracking, Gravitic Drive, Pathogen Glands, Behemoth Reactor, Gravitic Boosters, Moebius Reactor, Caduceus Reactor  
  4  11:28  Concussive Shells, Pneumatized Carapace  
  2  12:11  Unknown x5  
Tags
 
League
Silver
Matchup
PvP
Spawn Locations
Cross Positions
Add a new tag
Caveats
  • Supply blocks, unpowered buildings, or Contaminate may cause inaccurate times.
  • Supply counts are checked every 10 seconds.